 Dungeon Crawl Stone Soup version 0.30-a0-728-gc68057be0a (webtiles) character file.

Game seed: 16995491640664009134

84 zinnoa the Grasshopper (level 4, -7/38 HPs)
             Began as a Gnoll Warper on Jan 30, 2023.
             Mangled by a gnoll
             ... wielding a +0 flail of draining
              (9 damage)
             ... on level 2 of the Dungeon.
             The game lasted 00:04:13 (1195 turns).

zinnoa the Grasshopper (Gnoll Warper)               Turns: 1195, Time: 00:04:13

Health: -7/38      AC:  5    Str: 12    XL:     4   Next: 46%
Magic:  11/11      EV: 11    Int: 13    God:
Gold:   74         SH:  0    Dex: 11    Spells: 11/13 levels left

rFire   . . .      SeeInvis .    a - +0 hand axe
rCold   . . .      Faith    .    (no shield)
rNeg    . . .      Spirit   .    i - +0 ring mail
rPois   .          Reflect  .    (no helmet)
rElec   .          Harm     .    (no cloak)
rCorr   .          Rampage  .    (no gloves)
Will    .....                    (no boots)
Stlth   +                        (no amulet)
HPRegen 0.26/turn                (no ring)
MPRegen 0.12/turn                (no ring)

@: no status effects
A: fangs 1, strong nose, distributed training
a: no special abilities


You were on level 2 of the Dungeon.
You visited 1 branch of the dungeon, and saw 2 of its levels.

You collected 74 gold pieces.

Inventory:

Hand Weapons
 a - a +0 hand axe (weapon)
Missiles
 d - 7 boomerangs of dispersal (quivered)
Armour
 b - a +0 leather armour
 i - a +0 ring mail (worn)
 l - a +0 plate armour
Scrolls
 c - a scroll of blinking
 e - a scroll of silence {unknown}
 j - a scroll of identify {unknown}
 k - a scroll of teleportation {unknown}
 n - a scroll of enchant weapon {unknown}
Potions
 f - a potion of flight {unknown}
 g - a potion of lignification {unknown}
 h - a potion of invisibility {unknown}
 m - 2 potions of mutation {unknown}


   Skills:
 + Level 4.6 Fighting
 + Level 1.2 Short Blades
 + Level 1.2 Long Blades
 + Level 4.6 Axes
 + Level 1.2 Maces & Flails
 + Level 1.2 Polearms
 + Level 1.2 Staves
 + Level 1.2 Ranged Weapons
 + Level 2.8 Throwing
 + Level 2.8 Armour
 + Level 4.6 Dodging
 + Level 1.2 Stealth
 + Level 1.2 Shields
 + Level 1.2 Unarmed Combat
 + Level 5.1 Spellcasting
 + Level 1.0 Conjurations
 + Level 1.0 Hexes
 + Level 1.0 Summonings
 + Level 1.0 Necromancy
 + Level 5.5 Translocations
 + Level 1.0 Transmutations
 + Level 1.0 Fire Magic
 + Level 1.0 Ice Magic
 + Level 1.0 Air Magic
 + Level 1.0 Earth Magic
 + Level 1.0 Poison Magic
 + Level 1.3 Invocations
 + Level 1.2 Evocations


You had 11 spell levels left.
You knew the following spells:

 Your Spells              Type           Power      Damage    Failure   Level
a - Blink                 Tloc           34%        N/A       6%          2

Your spell library contained the following spells:

 Spells                   Type           Power      Damage    Failure   Level
 Lesser Beckoning         Tloc           34%        N/A       6%          2
 Teleport Other           Tloc           17%        N/A       13%         3
 Shock                    Conj/Air       20%        1d4       26%         1
 Vhi's Electric Charge    Tloc/Air       22%        N/A       32%         3
 Manifold Assault         Tloc           17%        N/A       38%         4
 Swiftness                Air            5%         N/A       63%         3
 Airstrike                Air            2%         2d(1-17)  95%         4


Dungeon Overview and Level Annotations

Branches:
Dungeon (2/15)

Altars:


Innate Abilities, Weirdness & Mutations

You have very sharp teeth.
Your uncanny sense of smell can sniff out nearby items.
Your experience applies equally to all skills.


Message History

The gnoll is severely wounded.
The gnoll hits you from afar with a +0 halberd.
The gnoll hits you with a +0 club.
You hit the gnoll but do no damage.
The gnoll is severely wounded.
The gnoll hits you from afar with a +0 halberd!
The gnoll hits you but does no damage.
You hit the gnoll but do no damage. You bite the gnoll, but do no damage.
The gnoll is severely wounded.
The gnoll hits you from afar with a +0 halberd.
The gnoll hits you with a +0 club.
* * * LOW HITPOINT WARNING * * *
You completely miss the gnoll.
The gnoll is severely wounded.
The gnoll hits you but does no damage.
You hit the gnoll.
The gnoll is almost dead.
You hit the gnoll.
You kill the gnoll!
Your Conjurations skill increases to level 1!
Your Hexes skill increases to level 1!
Your Summonings skill increases to level 1!
Your Necromancy skill increases to level 1!
Your Transmutations skill increases to level 1!
Your Fire Magic skill increases to level 1!
Your Ice Magic skill increases to level 1!
Your Air Magic skill increases to level 1!
Your Earth Magic skill increases to level 1!
Your Poison Magic skill increases to level 1!
The gnoll closely misses you. The gnoll completely misses you.
Things that are here:
a +0 club; a gnoll corpse The gnoll attacks as you move away!
The gnoll closely misses you.
You hit the gnoll. You bite the gnoll, but do no damage.
The gnoll is moderately wounded.
The gnoll misses you. The gnoll barely misses you.
The gnoll hits you from afar with a +0 halberd!
* * * LOW HITPOINT WARNING * * *
The gnoll hits you with a +0 flail of draining!
You die...

#.>..........#
#............#
#............#
#.(......(...#
##'###########
#.# #.# ∆ #.#
#@######
#g.....#
#g####.#
#g####.#
#...g.<#
####..(# ...#
#g... ###.#


You could see 3 gnolls.

Vanquished Creatures
  Robin (D:2)
  A gnoll (D:2)
  A dart slug (D:1)
  3 ball pythons
  2 endoplasms (D:1)
  5 giant cockroaches (D:1)
  13 goblins
  5 hobgoblins
  6 jackals (D:1)
  5 quokkas (D:1)
  6 bats (D:1)
  A frilled lizard (D:1)
  5 kobolds
  A rat (D:1)
55 creatures vanquished.

Notes
Turn   | Place    | Note
-------+----------+-------------------------------------------
     0 | D:1      | zinnoa the Gnoll Warper began the quest for the Orb.
     0 | D:1      | Reached XP level 1. HP: 20/20 MP: 6/6
   196 | D:1      | Reached XP level 2. HP: 18/26 MP: 7/7
   202 | D:1      | Learned a level 2 spell: Blink
   438 | D:1      | Reached skill level 5 in Spellcasting
   438 | D:1      | Reached XP level 3. HP: 27/31 MP: 7/9
   617 | D:1      | Reached skill level 1 in Invocations
   822 | D:1      | Reached skill level 1 in Short Blades
   822 | D:1      | Reached skill level 1 in Long Blades
   822 | D:1      | Reached skill level 1 in Maces & Flails
   822 | D:1      | Reached skill level 1 in Polearms
   822 | D:1      | Reached skill level 1 in Staves
   822 | D:1      | Reached skill level 1 in Ranged Weapons
   822 | D:1      | Reached skill level 1 in Stealth
   822 | D:1      | Reached skill level 1 in Shields
   822 | D:1      | Reached skill level 1 in Unarmed Combat
   822 | D:1      | Reached skill level 1 in Evocations
  1014 | D:2      | Identified the +1 helmet of the Cobbler {rN+}
  1014 | D:2      | Noticed Robin
  1037 | D:2      | Reached XP level 4. HP: 28/38 MP: 11/11
  1049 | D:2      | Killed Robin
  1191 | D:2      | Reached skill level 1 in Conjurations
  1191 | D:2      | Reached skill level 1 in Hexes
  1191 | D:2      | Reached skill level 1 in Summonings
  1191 | D:2      | Reached skill level 1 in Necromancy
  1191 | D:2      | Reached skill level 1 in Transmutations
  1191 | D:2      | Reached skill level 1 in Fire Magic
  1191 | D:2      | Reached skill level 1 in Ice Magic
  1191 | D:2      | Reached skill level 1 in Air Magic
  1191 | D:2      | Reached skill level 1 in Earth Magic
  1191 | D:2      | Reached skill level 1 in Poison Magic
  1195 | D:2      | Mangled by a gnoll

Illustrated notes

Levels and vault maps discovered:
D:1:      kilobyte_arrival_exit_the_forest, layout_rooms
D:2:      layout_basic, basic_altar, kennysheep_generic_room_14, uniq_terence,
          uniq_robin

Skill      XL: |  1  2  3  4 |
---------------+-------------+-----
Spellcasting   | 5 |  5.1
Invocations    | 1 |  1.3
Short Blades   | 1 |  1.2
Long Blades    | 1 |  1.2
Maces & Flails | 1 |  1.2
Polearms       | 1 |  1.2
Staves         | 1 |  1.2
Ranged Weapons | 1 |  1.2
Stealth        | 1 |  1.2
Shields        | 1 |  1.2
Unarmed Combat | 1 |  1.2
Evocations     | 1 |  1.2
Conjurations   | 1 |  1.0
Hexes          | 1 |  1.0
Summonings     | 1 |  1.0
Necromancy     | 1 |  1.0
Transmutations | 1 |  1.0
Fire Magic     | 1 |  1.0
Ice Magic      | 1 |  1.0
Air Magic      | 1 |  1.0
Earth Magic    | 1 |  1.0
Poison Magic   | 1 |  1.0
Fighting       | |  4.6
Axes           | |  4.6
Throwing       | |  2.8
Armour         | |  2.8
Dodging        | |  4.6
Translocations | |  5.5

Action                     |  1- 3 |  4- 6 || total
---------------------------+-------+-------++-------
  Melee: Hand axe          |   156 |    34 ||   190
         Bite              |    14 |     5 ||    19
         Punch             |     2 |       ||     2
 Armour: Leather armour    |    23 |       ||    23
         Ring mail         |    22 |    10 ||    32
  Dodge: Dodged            |   104 |    25 ||   129

Table legend: (Time is in decaauts)
 A = Elapsed time spent in this place.
 B = Non-inter-level travel time spent in this place.
 C = Inter-level travel time spent in this place.
 D = Time resting spent in this place.
 E = Time spent auto-exploring this place.
 F = Levels seen in this place.
 G = Mean time per level.
                   A        B        C        D        E       F      G
               +--------+--------+--------+--------+--------+-----+--------+
         Total |   1220 |   1118 |    102 |    141 |    603 |   2 |  610.0 |
       Dungeon |   1220 |   1118 |    102 |    141 |    603 |   2 |  610.0 |
               +--------+--------+--------+--------+--------+-----+--------+

Top non-repeatable levels by time:
     D:1: 1014 daAuts
     D:2: 205 daAuts
